 Dungeon Crawl Stone Soup version 0.22.1-2-g9c5b331 (webtiles) character file.

9260 Fang the Cleaver (level 11, -1/71 HPs)
             Began as a Gargoyle Berserker on Dec 18, 2018.
             Was a High Priest of Trog.
             Slain by a seven-headed hydra (3 damage)
             ... on level 11 of the Dungeon.
             The game lasted 00:11:19 (10737 turns).

Fang the Cleaver (Gargoyle Berserker)              Turns: 10737, Time: 00:11:20

Health: -1/71      AC: 21    Str: 24    XL:     11   Next: 43%
Magic:  11/11      EV: 11    Int:  8    God:    Trog [*****.]
Gold:   543        SH:  0    Dex: 12    Spells: 10/10 levels left

rFire    . . .     SeeInvis .   x - +2 battleaxe (flame)
rCold    . . .     Gourm    .   (shield currently unavailable)
rNeg     + . .     Faith    .   s - +0 plate armour
rPois    ∞         Spirit   .   (no helmet)
rElec    +         Reflect  .   (no cloak)
rCorr    .         Harm     .   (no gloves)
MR       .....                  (no boots)
Stlth    ..........             (no amulet)
HPRegen  0.21/turn              y - +3 ring of dexterity
MPRegen  0.12/turn              k - +3 ring of evasion

@: berserk cooldown, slowed, very slow
A: negative energy resistance 1, electricity resistance, unbreathing,
petrification resistance, rot immunity, AC +8
a: Berserk, Trog's Hand, Brothers in Arms, Renounce Religion


You were on level 11 of the Dungeon.
You worshipped Trog.
Trog was extremely pleased with you.
You were near starving.

You visited 2 branches of the dungeon, and saw 12 of its levels.

You collected 543 gold pieces.

Inventory:

Hand Weapons
 x - a +2 battleaxe of flaming (weapon)
 A - a +3 war axe
 C - a +3 war axe of flaming
Armour
 s - a +0 plate armour (worn)
Jewellery
 f - an uncursed ring of protection from cold
 k - a +3 ring of evasion (right hand)
 y - a +3 ring of dexterity (left hand)
Wands
 a - a wand of iceblast (11)
 r - a wand of digging (17)
 u - a wand of flame (16)
 B - a wand of acid (17)
 D - a wand of disintegration (11)
Scrolls
 d - 5 scrolls of remove curse
 h - 2 scrolls of identify
 i - 11 scrolls of teleportation
 n - a scroll of blinking
 o - a scroll of fear
 p - a scroll of fog
 t - 2 scrolls of magic mapping
Potions
 b - 2 potions of flight
 e - 4 potions of curing
 g - 3 potions of lignification
 j - 3 potions of berserk rage
 l - a potion of might
 m - a potion of ambrosia
 q - a potion of brilliance
 v - 3 potions of heal wounds
 w - 2 potions of haste
 E - a potion of cancellation
Comestibles
 c - 18 rations


   Skills:
 + Level 9.4 Fighting
 + Level 12.5 Axes
 + Level 8.2 Armour
 + Level 2.4 Dodging
 + Level 1.5 Stealth


You had 10 spell levels left.
You didn't know any spells.
Your spell library was empty.

Dungeon Overview and Level Annotations

Branches:
Dungeon (11/15)            Temple (1/1) D:6            Lair (0/6) D:10
    Orc: D:9-12

Altars:
Ashenzari
Cheibriados
Elyvilon
Gozag
Hepliaklqana
Kikubaaqudgha
Makhleb
Qazlal
Sif Muna
Uskayaw

Annotations:
D:8 2 transporters


Innate Abilities, Weirdness & Mutations

You are resistant to torment.
Your stone body is resilient. (AC +8)
You are immune to poison.
You resist negative energy. (rN+)
You are resistant to electric shocks. (rElec)
You can survive without breathing.
You are immune to petrification.
You are immune to rotting.


Message History

Your two-headed ogre hits the seven-headed hydra with a giant club!
The seven-headed hydra bites your two-headed ogre!
Your two-headed ogre dies!
Your two-headed ogre's corpse disappears in a puff of smoke!
You barely miss the seven-headed hydra.
The seven-headed hydra is almost dead.
The seven-headed hydra bites you but does no damage.
The seven-headed hydra barely misses you.
The seven-headed hydra bites you but does no damage. x2
The seven-headed hydra bites you.
* * * LOW HITPOINT WARNING * * *
The seven-headed hydra bites you.
* * * LOW HITPOINT WARNING * * *
The seven-headed hydra bites you but does no damage.
The seven-headed hydra bites you!
* * * LOW HITPOINT WARNING * * *
The seven-headed hydra bites you but does no damage. x2
The seven-headed hydra barely misses you.
The seven-headed hydra bites you.
You die...

#..........######..#.
#....................
#....##...########...
#.........# #...
#.........# #...
#....####.# #...
#....####.# #...
#.........# #...
#...@.....# #...
#...D.....# #...
#.........# #...
#.........# ####
#....[....#
#.........#
#.........#
#....[....#
#.........#


You could see a seven-headed hydra.

Vanquished Creatures
  A two-headed ogre (D:11)
  Pikel (D:5)
  2 ugly things (D:11)
  A cyclops (D:11)
  2 centaur zombies (D:10)
  Psyche (D:9)
  3 trolls
  A spriggan (D:8)
  A basilisk (D:10)
  A wyvern (D:11)
  A hungry ghost (D:8)
  A steam dragon (D:9)
  Edmund (D:5)
  2 water moccasins (D:9)
  2 sky beasts
  An eye of draining (D:8)
  An ice beast (D:6)
  4 orc warriors
  2 centaurs
  3 phantoms
  2 ogres
  A crocodile (D:10)
  2 big kobolds
  3 bullfrogs
  A wyvern zombie (D:9)
  7 scorpions
  14 killer bees
  A water moccasin skeleton (D:9)
  7 wights
  4 crimson imps
  A hound (D:5)
  3 jellies
  8 orc priests
  3 bullfrog skeletons
  10 orc wizards
  An iguana (D:10)
  4 worker ants
  Terence (D:3)
  A hound skeleton (D:7)
  Robin (D:3)
  A howler monkey zombie (D:10)
  3 gnolls (D:3)
  A howler monkey skeleton (D:5)
  7 adders
  2 oozes
  2 adder zombies
  4 worms
  2 dart slugs (D:3)
  8 leopard geckos
  40 orcs
  3 ball pythons
  3 giant cockroaches
  10 hobgoblins
  11 jackals
  15 kobolds
  4 quokkas
  7 bats
  10 frilled lizards
  A giant cockroach zombie (D:6)
  16 goblins
  A leopard gecko skeleton (D:6)
  11 rats
  3 fungi (D:10)
  2 plants
274 creatures vanquished.

Vanquished Creatures (others)
  An adder (D:5)
  4 plants (D:10)
5 creatures vanquished.

Grand Total: 279 creatures vanquished

Notes
Turn   | Place    | Note
-------+----------+-------------------------------------------
     0 | D:1      | Fang the Gargoyle Berserker began the quest for the Orb.
     0 | D:1      | Reached XP level 1. HP: 14/14 MP: 1/1
    39 | D:1      | Reached XP level 2. HP: 13/19 MP: 2/2
   255 | D:1      | Reached skill level 3 in Axes
   399 | D:1      | HP: 1/30 [rat (1)]
   722 | D:1      | Reached XP level 3. HP: 24/24 MP: 3/3
   920 | D:1      | Reached ** piety under Trog
  1418 | D:2      | Reached XP level 4. HP: 13/29 MP: 4/4
  2167 | D:3      | Reached XP level 5. HP: 33/33 MP: 5/5
  2216 | D:3      | Reached skill level 4 in Axes
  2557 | D:3      | Reached *** piety under Trog
  2569 | D:3      | Found a stormy altar of Qazlal.
  2611 | D:3      | Noticed Terence
  2645 | D:3      | Killed Terence
  2727 | D:3      | Noticed Robin
  2734 | D:3      | Noticed an ogre
  2747 | D:3      | Killed an ogre
  2747 | D:3      | Reached XP level 6. HP: 20/39 MP: 6/6
  2954 | D:3      | Killed Robin
  3362 | D:4      | Noticed a phantom
  3443 | D:4      | Killed a phantom
  3443 | D:4      | Reached skill level 5 in Axes
  4409 | D:5      | Entered Level 5 of the Dungeon
  4409 | D:5      | Noticed a phantom
  4432 | D:5      | Reached XP level 7. HP: 43/44 MP: 7/7
  4468 | D:5      | Reached skill level 5 in Fighting
  4468 | D:5      | Reached skill level 1 in Stealth
  4573 | D:5      | Reached skill level 6 in Axes
  4727 | D:5      | Noticed Pikel
  4738 | D:5      | Killed Pikel
  4738 | D:5      | Reached skill level 7 in Axes
  4738 | D:5      | Reached skill level 5 in Armour
  4738 | D:5      | Reached XP level 8. HP: 44/50 MP: 8/8
  4920 | D:5      | Noticed Edmund
  4936 | D:5      | Reached **** piety under Trog
  4949 | D:5      | Killed Edmund
  5156 | D:5      | Found a white marble altar of Elyvilon.
  5473 | D:6      | Found a staircase to the Ecumenical Temple.
  5517 | Temple   | Entered the Ecumenical Temple
  5626 | D:6      | Found a burning altar of Makhleb.
  5626 | D:6      | Found an ancient bone altar of Kikubaaqudgha.
  5668 | D:6      | Reached skill level 8 in Axes
  5880 | D:6      | Reached XP level 9. HP: 46/55 MP: 9/9
  6849 | D:7      | Reached skill level 9 in Axes
  7459 | D:8      | Noticed a kobold demonologist
  7465 | D:8      | Found a transporter.
  7476 | D:8      | Found a transporter.
  7579 | D:8      | Reached ***** piety under Trog
  8017 | D:8      | Reached skill level 10 in Axes
  8017 | D:8      | Reached XP level 10. HP: 61/64 MP: 10/10
  8151 | D:8      | Noticed a kobold demonologist
  8320 | D:8      | Noticed an orc high priest
  8415 | D:8      | Found a snail-covered altar of Cheibriados.
  8572 | D:9      | Noticed Psyche
  8577 | D:9      | Killed Psyche
  8603 | D:9      | Found a shattered altar of Ashenzari.
  9029 | D:9      | Found an opulent altar of Gozag.
  9036 | D:9      | Found a hide-covered altar of Uskayaw.
  9040 | D:9      | Found a hazy altar of Hepliaklqana.
  9107 | D:9      | Found a deep blue altar of Sif Muna.
  9376 | D:10     | Entered Level 10 of the Dungeon
  9582 | D:10     | Reached skill level 11 in Axes
  9585 | D:10     | Received a gift from Trog
  9637 | D:10     | Found a staircase to the Lair.
  9928 | D:10     | Reached XP level 11. HP: 69/69 MP: 11/11
 10282 | D:11     | Noticed a brown ugly thing
 10293 | D:11     | Killed a brown ugly thing
 10293 | D:11     | Reached skill level 12 in Axes
 10405 | D:11     | Noticed a two-headed ogre
 10411 | D:11     | Killed a two-headed ogre
 10536 | D:11     | Noticed a cyclops
 10553 | D:11     | Killed a cyclops
 10709 | D:11     | Noticed a cyan ugly thing
 10719 | D:11     | Killed a cyan ugly thing
 10726 | D:11     | Noticed a seven-headed hydra
 10737 | D:11     | HP: 2/71 [seven-headed hydra (7)]
 10737 | D:11     | Slain by a seven-headed hydra

Skill      XL: |  1  2  3  4  5  6  7  8  9 10 11 |
---------------+----------------------------------+-----
Axes           | 3 4 5 7 8 10 11 12 | 12.5
Fighting       | 4 5 6 7 8 9 |  9.4
Dodging        | 2 |  2.4
Armour         | 3 5 6 7 8 |  8.2
Stealth        | 1 |  1.5

Action                   |  1- 3 |  4- 6 |  7- 9 | 10-12 || total
-------------------------+-------+-------+-------+-------++-------
Melee: Hand axe          |   159 |   265 |   253 |       ||   677
       War axe           |       |       |   205 |   130 ||   335
       Battleaxe         |       |       |       |   112 ||   112
Invok: Berserk           |     2 |     2 |     3 |     4 ||    11
       Brothers in Arms  |       |       |       |     1 ||     1
  Use: Scroll            |       |       |       |    22 ||    22
       Potion            |       |       |       |     1 ||     1
  Eat: Chunk             |     2 |     6 |    14 |     9 ||    31
       Ration            |       |     2 |     1 |     1 ||     4
Armor: Animal skin       |    50 |     4 |       |       ||    54
       Chain mail        |       |    70 |       |       ||    70
       Plate armour      |       |    49 |   298 |   167 ||   514
Dodge: Dodged            |   104 |   142 |   239 |   149 ||   634
